 Dungeon Crawl Stone Soup version 0.27-a0-1184-ge86db4a01e (webtiles) character file.

Game seed: 3466440234984762708

131351 wakim the Brawler (level 16, -7/156 HPs)
             Began as a Troll Fighter on May 19, 2021.
             Was the Champion of Qazlal.
             Killed by the air
             ... invoked by Sojobo
              (18 damage)
             ... on level 2 of the Depths.
             The game lasted 01:07:40 (23059 turns).

wakim the Brawler (Troll Fighter)                  Turns: 23059, Time: 01:07:41

Health: -7/156     AC: 27    Str: 32    XL:     16   Next: 55%
Magic:  9/22       EV:  8    Int:  9    God:    Qazlal [******]
Gold:   3429       SH: 29    Dex:  9    Spells: 15/15 levels left

rFire    + . .     SeeInvis +     - Unarmed
rCold    . . .     Faith    .   c - +0 tower shield
rNeg     . . .     Spirit   .   P - +4 storm dragon scales {Bai Suzhen}
rPois    .         Reflect  .   l - +2 hat
rElec    +         Harm     .   e - +2 cloak
rCorr    .         Rampage  .   (gloves unavailable)
Will     +....                  (boots unavailable)
Stlth    ..........             n - amulet of regeneration
HPRegen  2.36/turn              h - ring of see invisible
MPRegen  0.18/turn              m - ring "Risuac" {AC+4 Int+4}

@: about to teleport, protected from fire, studying Maces & Flails, repel
missiles
A: large, unfitting armour, claws 3, regeneration 1, shaggy fur 1, tough skin 1
a: Renounce Religion, Upheaval, Elemental Force, Disaster Area


You were on level 2 of the Depths.
You worshipped Qazlal.
Qazlal was exalted by your worship.
You visited 5 branches of the dungeon, and saw 26 of its levels.

You collected 4615 gold pieces.
You spent 1186 gold pieces at shops.

Inventory:

Missiles
 a - 5 boomerangs of dispersal {=f!f}
 g - 122 poisoned darts
 o - 29 boomerangs
 q - 13 curare-tipped darts {=f}
 z - 32 large rocks (quivered) {=f}
Armour
 b - +0 fire dragon scales
 c - a +0 tower shield (worn)
 e - a +2 cloak (worn)
 l - a +2 hat (worn)
 E - +1 acid dragon scales
 I - +0 ice dragon scales
 P - +4 storm dragon scales (worn) {Bai Suzhen}
Jewellery
 f - a ring of ice
 h - a ring of see invisible (left claw)
 k - a ring of fire
 m - the ring "Risuac" (right claw) {AC+4 Int+4}
   (You found it on level 9 of the Dungeon)

   [ring of protection]

   It affects your AC (+4).
   It affects your intelligence (+4).
 n - an amulet of regeneration (around neck)
 p - an amulet of faith
 L - the ring of Dycseshru {Will+ Slay+2}
   (You bought it in a shop on level 2 of the Orcish Mines)

   [ring of willpower]

   It affects your accuracy and damage with ranged weapons and melee attacks
   (+2).
   It increases your willpower.
Wands
 t - a wand of digging (13)
 v - a wand of flame (127)
 w - a wand of acid (3)
 x - a wand of charming (17)
 y - a wand of paralysis (11)
 A - a wand of iceblast (18)
Scrolls
 i - a scroll of brand weapon
 r - a scroll of identify
 u - a scroll of enchant armour
 R - 6 scrolls of magic mapping {!r}
 T - 2 scrolls of teleportation
 U - 5 scrolls of fear
 X - a scroll of fog
 Y - 4 scrolls of blinking {!r}
 Z - a scroll of silence {!r}
Potions
 d - a potion of ambrosia {unknown}
 j - a potion of cancellation {unknown}
 s - a potion of invisibility {unknown}
 B - 5 potions of attraction {!q}
 C - a potion of berserk rage {!q}
 D - 3 potions of brilliance
 F - 5 potions of curing
 G - 2 potions of flight
 H - 3 potions of haste
 J - 3 potions of heal wounds
 K - 3 potions of magic
 M - 3 potions of mutation {!q}
 N - 2 potions of might
 O - 3 potions of resistance


   Skills:
 + Level 9.3 Fighting
 - Level 8.0 Throwing
 + Level 5.7 Armour
 + Level 9.3 Dodging
 * Level 13.3 Shields
 - Level 15.0 Unarmed Combat
 + Level 10.2 Invocations


You had 15 spell levels left.
You didn't know any spells.
Your spell library contained the following spells:

 Spells                   Type           Power      Damage    Failure   Level
 Animate Skeleton         Necr           0%         N/A       94%         1
 Apportation              Tloc           0%         N/A       94%         1
 Beastly Appendage        Tmut           0%         N/A       94%         1
 Corona                   Hex            0%         N/A       94%         1
 Foxfire                  Conj/Fire      0%         2x1d4     94%         1
 Magic Dart               Conj           0%         1d3       94%         1
 Summon Small Mammal      Summ           0%         N/A       94%         1
 Blink                    Tloc           N/A        N/A       98%         2
 Call Imp                 Summ           0%         N/A       98%         2
 Searing Ray              Conj           0%         3d3       98%         2
 Slow                     Hex            0%         N/A       98%         2
 Wereblood                Tmut           0%         N/A       98%         2
 Conjure Flame            Conj/Fire      0%         6-21      100%        3
 Dazzling Flash           Conj/Hex       0%         N/A       100%        3
 Inner Flame              Hex/Fire       0%         N/A       100%        3
 Mephitic Cloud           Conj/Pois/Air  0%         N/A       100%        3
 Spider Form              Tmut/Pois      0%         N/A       100%        3
 Fulminant Prism          Conj/Hex       0%         3d6       100%        4
 Ice Form                 Ice/Tmut       0%         N/A       100%        4
 Iskenderun's Mystic Bla  Conj/Tloc      0%         2d3       100%        4
 Sticky Flame             Conj/Fire      0%         2d3       100%        4
 Fireball                 Conj/Fire      0%         3d3       100%        5
 Hydra Form               Tmut           0%         N/A       100%        5
 Chain Lightning          Conj/Air       0%         N/A       100%        8
 Lehudib's Crystal Spear  Conj/Erth      0%         10d2      100%        8
 Absolute Zero            Ice            0%         ∞         100%        9
 Fire Storm               Conj/Fire      0%         5d1       100%        9


Dungeon Overview and Level Annotations

Branches:
Dungeon (15/15)            Temple (1/1) D:4            Lair (6/6) D:8
  Swamp (0/4) Lair:3       Spider (0/4) Lair:4        Slime (0/5) Lair:6
    Orc (2/2) D:9             Elf (0/3) Orc:2        Vaults (0/5) D:14
 Depths (2/5) D:15

Altars:
Ashenzari
Cheibriados
Dithmenos
Elyvilon
Fedhas
Gozag
Hepliaklqana
Kikubaaqudgha
Makhleb
Nemelex Xobeh
Okawaru
Qazlal
Ru
Sif Muna
Trog
Uskayaw
Vehumet
Wu Jian
Xom
Yredelemnul
Zin
The Shining One

Shops:
D:1 *   D:11 ?   Orc:2 *==?

Portals:
Hell: Depths:1

Annotations:
D:14 2 transporters, Ge0ff's ghost, journeyman PaBe
Lair:4 1 runed translucent door, Quyjis's ghost, journeyman DDGl
Depths:2 Sojobo


Innate Abilities, Weirdness & Mutations

You are too large for most types of armour.
You have claws for hands.
Your natural rate of healing is unusually fast.
You are covered in fur. (AC +1)
You have tough skin. (AC +1)


Message History

The tengu reaver claws you but does no damage.
You barely miss Sojobo.
Sojobo is moderately wounded.
You feel very sick.
Sojobo waves her feathered arms in wide circles.
The air twists around and strikes you!!
The tengu warrior unwields a +0 battleaxe.
The tengu warrior wields a +0 arbalest.
The tengu warrior shoots a bolt.
The bolt hits you!!
The tengu reaver gestures at you while chanting.
The bolt of poison hits you!
You are more poisoned.
You block the tengu reaver's attack. x3
You feel extremely sick.
The tengu reaver is engulfed in blazing flames.
The tengu reaver points at you and mumbles some strange words.
The bolt of cold hits you!!
You feel protected from cold.
* * * LOW HITPOINT WARNING * * *
As you read the scroll of teleportation, it crumbles to dust.
You feel strangely unstable.
You feel very sick. You block Sojobo's attack.
Sojobo pecks you but does no damage. You block Sojobo's attack.
The tengu reaver casts a spell at you. The bolt of fire hits you!!
Your resistance to cold fades away.
You feel protected from fire.
* * * LOW HITPOINT WARNING * * *
You feel better.
The tengu warrior is engulfed in blazing flames.
Sojobo hits you with a +8 vorpal great sword!
* * * LOW HITPOINT WARNING * * *
* * * LOW HITPOINT WARNING * * *
You block Sojobo's attack. x2; You block the tengu reaver's attack. x2
The tengu reaver claws you but does no damage.
The tengu warrior is engulfed in blazing flames.
Sojobo waves her feathered arms in wide circles.
The air twists around and strikes you!!
You die...

#.#.##....#..
#.#.......#.. ####
#............ ...#
#...........#
#..#######.#...##....#
#.........#....)...#.
##...☼###...##...##.#
+#..§# ##.....##....
##@.# ##..##...#..
+#Q.## ###...#...#
#QQ## ##..........
#°°Q######..##.#.....
#...........###.(.....
....########.....+.....
..###. #.#####..... .
.. #.# #..... (.. #.#
#.....


You could see Sojobo (repels missiles), 2 tengu reavers and a tengu warrior.

Vanquished Creatures
  Bai Suzhen (D:15)
  A lich (Depths:2)
  Agnes (D:14)
  Kirke (D:14)
  A fire giant (Depths:1)
  A caustic shrike zombie (D:15)
  3 frost giants
  2 very ugly things
  4 stone giants
  The ghost of SockSock the Brawler, a journeyman TrBe of Trog (Lair:2)
  2 ettins (Depths:2)
  Josephine (D:14)
  6 fire dragons
  An ice dragon (Depths:1)
  A great orb of eyes (Depths:2)
  A rakshasa (D:14)
  4 boulder beetles
  9 hydras
  3 two-headed ogres
  3 centaur warriors
  A catoblepas (Lair:6)
  2 dancing weapons (D:14)
  A vampire mage (D:14)
  3 tengu warriors
  3 deep troll earth magi
  5 large abominations (D:10)
  3 iron trolls
  2 skeletal warriors
  A swamp dragon (Lair:6)
  2 golden dragon zombies
  6 deep trolls
  5 orc knights
  A wizard (D:10)
  An orc sorcerer (Orc:2)
  A necromancer (D:15)
  33 ugly things
  2 cyclopes
  17 elephants
  2 manticores
  3 black mambas (Lair:4)
  13 cane toads
  11 komodo dragons
  14 rime drakes
  A freezing wraith (D:14)
  3 tengu conjurers
  6 trolls
  A polar bear (Lair:5)
  3 slime creatures (Lair:6)
  A wolf spider simulacrum (D:14)
  A deep troll zombie (D:15)
  A fire dragon zombie (Depths:1)
  23 blink frogs
  9 wyverns
  A shadow (D:11)
  A vampire (D:11)
  5 wraiths
  51 yaks
  Eustachio (D:6)
  12 basilisks
  A hog (D:14)
  Grum (D:8)
  3 steam dragons
  16 vampire mosquitoes
  A tengu zombie (D:15)
  2 wargs
  Edmund (D:4)
  15 water moccasins
  4 acid dragons
  A hornet zombie (D:7)
  36 orc warriors
  2 ice beasts (D:6)
  4 black bears
  2 sky beasts
  9 ogres
  23 wolves
  21 centaurs
  4 kobold brigands
  4 gnoll sergeants
  2 scorpions (D:6)
  7 small abominations (D:10)
  16 bullfrogs
  A water moccasin zombie (D:5)
  A cane toad simulacrum (Lair:2)
  2 water moccasin skeletons (D:4)
  An elephant simulacrum (Lair:2)
  4 killer bees (D:10)
  2 howler monkeys (D:14)
  13 wights
  An electric eel (Lair:1)
  2 centaur zombies
  2 hounds
  2 bullfrog skeletons
  A jelly (Lair:6)
  10 orc priests
  Crazy Yiuf (D:6)
  A gnoll shaman (D:4)
  2 water moccasin simulacra (Lair:2)
  An iguana (Lair:6)
  5 hell rats (Lair:5)
  2 scorpion zombies (D:5)
  22 orc wizards
  A killer bee zombie (D:7)
  A bullfrog simulacrum (Lair:2)
  A hound zombie (D:5)
  3 howler monkey zombies
  15 gnolls
  6 adders
  A howler monkey skeleton (D:4)
  A shadow imp (D:3)
  2 white imps
  4 ufetubi
  A worm (D:2)
  An adder skeleton (D:4)
  3 dart slugs (D:1)
  66 orcs
  5 ball pythons
  12 endoplasms
  3 giant cockroaches
  6 goblins
  4 hobgoblins
  12 jackals
  3 quokkas
  4 bats
  4 frilled lizards
  15 kobolds
  8 rats
732 creatures vanquished.

Vanquished Creatures (others)
  2 orcs (Orc:2)
  24 fungi
  45 plants
  3 withered plants (D:15)
74 creatures vanquished.

Grand Total: 806 creatures vanquished

Notes
Turn   | Place    | Note
-------+----------+-------------------------------------------
     0 | D:1      | wakim the Troll Fighter began the quest for the Orb.
     0 | D:1      | Reached XP level 1. HP: 22/22 MP: 0/0
   156 | D:1      | Reached XP level 2. HP: 29/29 MP: 1/1
   315 | D:1      | Found Vuweos's Assorted Antiques.
   322 | D:1      | Bought a scroll labelled ASOPPE OCVEIF for 26 gold pieces
   502 | D:1      | Found a faded altar of an unknown god.
   559 | D:1      | Reached XP level 3. HP: 36/36 MP: 2/2
  1475 | D:2      | Reached skill level 3 in Unarmed Combat
  1479 | D:2      | Reached XP level 4. HP: 38/44 MP: 3/3
  2076 | D:2      | Reached XP level 5. HP: 47/52 MP: 4/4
  2092 | D:3      | HP: 2/52 [frozen (5)]
  2631 | D:4      | Reached skill level 4 in Unarmed Combat
  2655 | D:3      | Reached XP level 6. HP: 61/61 MP: 5/5
  2844 | D:4      | Found a staircase to the Ecumenical Temple.
  3002 | D:4      | Noticed a sky beast
  3039 | Temple   | Entered the Ecumenical Temple
  4022 | D:4      | Reached XP level 7. HP: 59/67 MP: 6/6
  4146 | D:5      | Entered Level 5 of the Dungeon
  4186 | D:4      | Reached skill level 5 in Unarmed Combat
  4273 | D:4      | Reached skill level 1 in Throwing
  4417 | D:5      | Reached XP level 8. HP: 78/78 MP: 7/7
  4433 | D:5      | Reached skill level 5 in Shields
  4451 | D:5      | Found a burning altar of Makhleb.
  4588 | D:5      | Noticed Edmund
  4663 | D:4      | Killed Edmund
  4698 | D:5      | Reached skill level 6 in Unarmed Combat
  5204 | D:6      | Noticed Eustachio
  5248 | D:6      | Killed Eustachio
  5301 | D:6      | Reached XP level 9. HP: 73/85 MP: 8/8
  5543 | D:6      | Found a runed translucent door.
  5544 | D:6      | Noticed Crazy Yiuf
  5552 | D:6      | Killed Crazy Yiuf
  5553 | D:6      | Reached skill level 7 in Unarmed Combat
  5796 | D:7      | Found a broken altar of Ashenzari.
  5798 | D:7      | Found a stormy altar of Qazlal.
  5817 | D:7      | Became a worshipper of Qazlal Stormbringer
  6204 | D:8      | Found a sparkling altar of Nemelex Xobeh.
  6246 | D:8      | Found a staircase to the Lair.
  6527 | D:8      | Reached skill level 1 in Invocations
  6587 | D:8      | Noticed Grum
  6618 | D:8      | Killed Grum
  6619 | D:8      | Reached skill level 5 in Fighting
  6678 | D:8      | Reached * piety under Qazlal
  6682 | D:8      | Reached skill level 5 in Dodging
  6786 | D:9      | Reached skill level 8 in Unarmed Combat
  6801 | D:9      | Reached XP level 10. HP: 79/96 MP: 10/10
  6950 | D:9      | Found the +8 arc blade {discharge, rElec}
  6978 | D:9      | Identified the ring "Risuac" {AC+4 Int+4}
  7134 | D:9      | Identified a scroll of acquirement
  7134 | D:9      | Acquired 629 gold pieces
  7248 | D:9      | Reached ** piety under Qazlal
  7498 | D:9      | Found a staircase to the Orcish Mines.
  7508 | D:9      | Reached skill level 9 in Unarmed Combat
  7678 | D:10     | Entered Level 10 of the Dungeon
  7874 | D:10     | Noticed a two-headed ogre
  7907 | D:10     | Killed a two-headed ogre
  7908 | D:10     | Reached XP level 11. HP: 105/105 MP: 12/12
  8012 | D:10     | Reached skill level 5 in Throwing
  8287 | D:10     | Noticed a wizard
  8302 | D:10     | Killed a wizard
  8309 | D:10     | Noticed a large abomination
  8336 | D:10     | Killed a large abomination
  8449 | D:10     | Noticed a large abomination
  8456 | D:10     | Killed a large abomination
  8584 | D:11     | Reached skill level 10 in Unarmed Combat
  8646 | D:11     | Noticed a tengu warrior
  8672 | D:11     | Killed a tengu warrior
  9044 | D:11     | Found Haun's Magic Scroll Shop.
  9376 | D:12     | Identified the +6 spear of Qaeklu {speed, rElec Will+
                  | rCorr}
  9630 | D:12     | Noticed a six-headed hydra
  9637 | D:12     | Killed a seven-headed hydra
  9638 | D:12     | Reached XP level 12. HP: 113/115 MP: 14/14
 10006 | D:13     | Noticed a four-headed hydra
 10030 | D:13     | Noticed a boulder beetle
 10048 | D:12     | Killed a boulder beetle
 10049 | D:12     | Reached skill level 1 in Armour
 10054 | D:13     | Noticed a five-headed hydra
 10071 | D:12     | Killed a six-headed hydra
 10257 | D:13     | Noticed a boulder beetle
 10285 | D:12     | Killed a boulder beetle
 10286 | D:12     | Reached skill level 5 in Invocations
 10463 | D:13     | Noticed a boulder beetle
 10475 | D:13     | Killed a boulder beetle
 10476 | D:13     | Reached skill level 11 in Unarmed Combat
 10539 | D:13     | Found a hazy altar of Hepliaklqana.
 10750 | D:13     | Noticed a centaur warrior
 10756 | D:13     | Killed a centaur warrior
 11032 | Lair:1   | Entered Level 1 of the Lair of Beasts
 11973 | Lair:2   | Found a runed translucent gate.
 11973 | Lair:2   | Found a runed translucent gate.
 11973 | Lair:2   | Found a runed translucent gate.
 12024 | Lair:2   | Noticed SockSock's ghost (journeyman TrBe)
 12061 | Lair:2   | Reached *** piety under Qazlal
 13185 | Lair:3   | Reached XP level 13. HP: 124/124 MP: 16/16
 13434 | Lair:3   | Reached **** piety under Qazlal
 13488 | Lair:3   | Reached skill level 12 in Unarmed Combat
 13499 | Lair:3   | Found a staircase to the Swamp.
 14271 | Lair:4   | Found a hole to the Spider Nest.
 14333 | Lair:4   | Found a runed translucent door.
 14338 | Lair:4   | Noticed Quyjis's ghost (journeyman DDGl)
 15028 | Lair:5   | Reached ***** piety under Qazlal
 15311 | Lair:5   | Reached XP level 14. HP: 136/136 MP: 18/18
 16058 | Lair:6   | Entered Level 6 of the Lair of Beasts
 16071 | Lair:6   | Reached skill level 13 in Unarmed Combat
 16074 | Lair:6   | Reached skill level 10 in Shields
 16168 | Lair:2   | Killed SockSock's ghost
 16169 | Lair:2   | Reached skill level 5 in Armour
 16481 | Lair:6   | Reached ****** piety under Qazlal
 16512 | Lair:6   | Found a staircase to the Slime Pits.
 17513 | D:14     | Reached skill level 14 in Unarmed Combat
 17729 | D:14     | Reached XP level 15. HP: 103/143 MP: 20/20
 17760 | D:14     | Found a gate to the Vaults.
 17790 | D:14     | Noticed Kirke
 17802 | D:14     | Killed Kirke
 17906 | D:14     | Noticed Agnes
 17926 | D:14     | Killed Agnes
 17969 | D:14     | Found a transporter.
 18026 | D:14     | Noticed Ge0ff's ghost (journeyman PaBe)
 18034 | D:14     | Found a transporter.
 18197 | D:14     | Noticed Josephine
 18244 | D:14     | Killed Josephine
 18651 | D:15     | Entered Level 15 of the Dungeon
 18804 | D:15     | Found a staircase to the Depths.
 19125 | D:15     | Reached skill level 15 in Unarmed Combat
 19797 | Orc:1    | Entered Level 1 of the Orcish Mines
 20152 | Orc:2    | Entered Level 2 of the Orcish Mines
 20654 | Orc:2    | Paralysed by an orc sorcerer for 7 turns
 20813 | Orc:2    | Found a staircase to the Elven Halls.
 20890 | Orc:2    | Found Xeeciqov's Jewellery Boutique.
 20890 | Orc:2    | Found Vitio's Jewellery Shoppe.
 20892 | Orc:2    | Found Zijeseg's Assorted Antiques.
 20894 | Orc:2    | Found Mirent's Magic Scroll Shop.
 20906 | Orc:2    | Bought a scroll of acquirement for 676 gold pieces
 20908 | Orc:2    | Bought the ring of Dycseshru {Will+ Slay+2} for 484 gold
                  | pieces
 20911 | Orc:2    | Acquired 1111 gold pieces
 21227 | Depths:1 | Entered Level 1 of the Depths
 21273 | Depths:1 | Noticed a frost giant
 21276 | Depths:1 | Noticed a fire giant
 21340 | D:15     | Killed a frost giant
 21549 | D:15     | Reached XP level 16. HP: 153/153 MP: 22/22
 21733 | Depths:1 | Noticed Bai Suzhen
 21781 | D:15     | Killed Bai Suzhen
 21985 | Depths:1 | Reached skill level 10 in Invocations
 22385 | Depths:1 | Found a gateway to Hell.
 22443 | Depths:1 | Found a basalt altar of Yredelemnul.
 22730 | Depths:2 | Noticed a lich
 22759 | Depths:2 | Killed a lich
 23043 | Depths:2 | Noticed Sojobo
 23046 | Depths:2 | Noticed a tengu reaver
 23047 | Depths:2 | Noticed a tengu reaver
 23059 | Depths:2 | Killed from afar by Sojobo

Illustrated notes

Levels and vault maps discovered:
D:1:      roderic_crop_circles_arrival_small, layout_basic,
          hellmonk_ecumenical_altar_arch_garden, serial_shops, shop_statue,
          hangedman_abyss_or_decor_lesser_grid, grunt_decor_cap, minivault_4
D:2:      minmay_chambers_of_twos, layout_loops_ring, minmay_diced_spiral
D:3:      layout_rooms, chequers_arboretum
D:4:      minmay_inner_zag, layout_basic, minmay_temple_entry_statues,
          hangedman_abyss_or_decor_passed, kennysheep_small_spiral
D:5:      layout_cave_pools, old_standard_altar, uniq_edmund
D:6:      layout_rooms, uniq_crazy_yiuf_cottage, uniq_eustachio
D:7:      layout_cave_pools, chequers_temple_overflow_statue_of_worship
D:8:      layout_rooms, lemuel_crystal_altar, lair_entry_dummy, uniq_grum
D:9:      layout_rooms, kennysheep_orc_monster_closet_entryway
D:10:     layout_cave_pools, laboratory
D:11:     layout_irregular_city, serial_shops, nicolae_shop_statue_plus
D:12:     layout_small_grid
D:13:     layout_irregular_city, palyth_stone_intersect,
          nicolae_hepliaklqana_hippocampus
D:14:     layout_roguey, erik_vaults_1, nrook_campfire,
          gammafunk_ghost_stat_death, uniq_kirke, uniq_josephine, uniq_agnes
D:15:     gammafunk_depths_entry_grave, layout_loops_ring, minivault_11
Temple:   eino_narrow_crystal_temple
Lair:1:   layout_cave_pods, serial_bayou_shore_a, infiniplex_staircase_pool,
          lemuel_fruit_tree
Lair:2:   layout_regular_city, gammafunk_ghost_icy
Lair:3:   layout_loops_ring, minmay_swamp_entry_swarm, grunt_megastairs_4
Lair:4:   layout_roguey, spider_nest_entry_web_field,
          ebering_ghost_reflecting_pool
Lair:5:   layout_layer_cave, special_room [special_room_mythical_zoo],
          lemuel_fruit_fields, grunt_megastairs_3
Lair:6:   guppyfry_lair_end_dragon, layout_loops_ring,
          minmay_slime_entry_pillars, serial_bayou_shore_b, grunt_megastairs_1,
          infiniplex_staircase_pool_2
Orc:1:    layout_caves
Orc:2:    st_orc_rangers, layout_caves
Depths:1: layout_small_grid, hell_entry, patterned_corridor,
          lemuel_zombie_altar_yredelemnul, roderic_lattice_octagonal_star,
          grunt_megastairs_2, uniq_bai_suzhen
Depths:2: minmay_sliced_demisemicircle, layout_gridlike, hell_entry,
          serial_bayou_pond_c, dk_noncrumbling_2, hangedman_decor_peaks_small,
          nemelex_diamond_rough_becter, uniq_sojobo

Skill      XL: |  1  2  3  4  5  6  7  8  9 10 11 12 13 14 15 16 |
---------------+-------------------------------------------------+-----
Shields        | 3 4 5 6 8 9 11 12 13 | 13.3
Unarmed Combat | 3 4 5 6 8 9 10 11 12 14 15 | 15.0
Fighting       | 3 4 5 6 7 8 9 |  9.3
Dodging        | 3 4 5 6 7 8 9 |  9.3
Throwing       | 1 2 3 4 5 7 8 |  8.0
Invocations    | 1 3 4 5 7 8 9 10 | 10.2
Armour         | 3 4 5 |  5.7

Action                   |  1- 3 |  4- 6 |  7- 9 | 10-12 | 13-15 | 16-18 || total
-------------------------+-------+-------+-------+-------+-------+-------++-------
Melee: Unarmed           |    85 |   206 |   373 |   615 |  1177 |   203 ||  2659
Throw: Boomerang         |       |       |     4 |    30 |    39 |       ||    73
       Dart              |       |       |       |    56 |     4 |       ||    60
       Large rock        |       |       |       |       |     2 |     6 ||     8
Invok: Upheaval          |       |       |       |     5 |     1 |     2 ||     8
       Disaster Area     |       |       |       |       |       |     1 ||     1
Evoke: Wand              |       |       |       |     3 |     6 |       ||     9
  Use: Scroll            |       |       |    11 |    11 |     5 |     2 ||    29
       Potion            |       |       |       |       |       |     1 ||     1
 Stab: Sleeping          |     2 |       |       |       |       |       ||     2
Armor: Robe              |    26 |    59 |   103 |   105 |       |       ||   293
       Acid dragon scale |       |       |       |   106 |   386 |    19 ||   511
       Storm dragon scal |       |       |       |       |       |    46 ||    46
Dodge: Dodged            |    21 |    53 |   127 |   201 |   327 |    30 ||   759
       Repelled          |       |       |       |       |     7 |     3 ||    10
Block: Kite shield       |    33 |    89 |   211 |   461 |    81 |       ||   875
       Tower shield      |       |       |       |       |  1538 |   216 ||  1754

Table legend: (Time is in decaauts)
 A = Elapsed time spent in this place.
 B = Non-inter-level travel time spent in this place.
 C = Inter-level travel time spent in this place.
 D = Time resting spent in this place.
 E = Time spent auto-exploring this place.
 F = Levels seen in this place.
 G = Mean time per level.
                   A        B        C        D        E       F      G
               +--------+--------+--------+--------+--------+-----+--------+
         Total |  22933 |  20921 |   2012 |    249 |  15299 |  26 |  882.0 |
       Dungeon |  13662 |  12398 |   1264 |    173 |   8964 |  15 |  910.8 |
        Temple |    263 |    250 |     13 |      0 |    249 |   1 |  263.0 |
          Lair |   6298 |   5627 |    671 |     41 |   4192 |   6 | 1049.7 |
  Orcish Mines |   1212 |   1150 |     62 |      0 |    853 |   2 |  606.0 |
        Depths |   1495 |   1495 |      0 |     35 |   1040 |   2 |  747.5 |
               +--------+--------+--------+--------+--------+-----+--------+

Top non-repeatable levels by time:
     D:4: 1390 daAuts
    D:14: 1330 daAuts
  Lair:3: 1214 daAuts
     D:1: 1211 daAuts
    D:15: 1209 daAuts
  Lair:5: 1154 daAuts
  Lair:6: 1084 daAuts
Depths:1: 1073 daAuts
  Lair:1: 1069 daAuts
     D:9: 1064 daAuts
  Lair:2: 939 daAuts
    D:12: 906 daAuts
     D:2: 889 daAuts
    D:11: 867 daAuts
    D:10: 852 daAuts
